 Dungeon Crawl Stone Soup version 0.32-a0-411-g744942f433 (webtiles) character file.

Game seed: 2064953865479052990

253 zenocrate the Sneak (level 6, -6/32 HPs)
             Began as a Vine Stalker Delver on Feb 20, 2024.
             Killed by divine providence
             ... invoked by an orc priest
              (9 damage)
             ... on level 4 of the Dungeon.
             The game lasted 00:02:30 (2387 turns).

zenocrate the Sneak (Vine Stalker Delver)           Turns: 2387, Time: 00:02:32

Health: -6/32      AC:  4    Str: 14    XL:     6   Next: 14%
Magic:  0/9        EV: 12    Int: 10    God:
Gold:   164        SH:  0    Dex: 18    Spells: 3/8 levels left

rFire   . . .        a - +2 dagger (venom)
rCold   . . .        (no shield)
rNeg    . . .        u - +1 robe {Will+}
rPois   .            s - +0 helmet
rElec   .            (no cloak)
rCorr   .            (no gloves)
SInv    +            (no boots)
Will    +....        (no amulet)
Stlth   ++++         w - ring of see invisible
HPRegen 1.05/turn    (no ring)
MPRegen 0.11/turn

%: guardian spirit
@: no status effects
A: fangs 2, regeneration 1, magic shield, antimagic bite, no potion heal 2
a: Convert to Beogh


You were on level 4 of the Dungeon.
You visited 2 branches of the dungeon, and saw 6 of its levels.

You collected 164 gold pieces.

Inventory:

Hand Weapons
 a - a +2 dagger of venom (weapon)
 b - a +1 dagger of speed
 z - a +0 short sword
Armour
 s - a +0 helmet (worn)
 t - a +0 leather armour
 u - a +1 robe of willpower (worn)
 x - a +0 kite shield
Jewellery
 w - a ring of see invisible (left hand)
 y - the amulet of Elemental Vulnerability {rPois rF-- rC-- AC+8}
   (You found it on level 3 of the Dungeon)

   [amulet of nothing]

   AC+8:      It affects your AC (+8).
   rF--:      It makes you very vulnerable to fire.
   rC--:      It makes you very vulnerable to cold.
   rPois:     It protects you from poison
Wands
 g - a wand of digging (3)
 j - a wand of flame (3)
 r - a wand of roots (10)
Scrolls
 c - a scroll of fog
 d - 2 scrolls of revelation
 h - a scroll of blinking {unknown}
 m - a scroll of immolation {unknown}
 n - a scroll of identify {unknown}
 q - a scroll of vulnerability {unknown}
 v - a scroll of enchant weapon {unknown}
Potions
 e - 2 potions of heal wounds {unknown}
 f - a potion of haste
 i - a potion of invisibility {unknown}
 k - a potion of brilliance {unknown}
 l - a potion of curing {unknown}
 o - a potion of might {unknown}
 p - a potion of mutation {unknown}


   Skills:
 - Level 2.6 Fighting
 + Level 3.2 Short Blades
 + Level 1.4 Armour
 - Level 1.5 Dodging
 + Level 7.2 Stealth
 + Level 1.7 Spellcasting
 + Level 1.7 Hexes
 + Level 1.6 Ice Magic


You had 3 spell levels left.
You knew the following spells:

 Your Spells              Type           Power      Damage    Failure   Level
a - Ensorcelled Hibernat  Hex/Ice        8%         N/A       24%         2
b - Fugue of the Fallen   Necr           0%         N/A       67%         3

Your spell library contained the following spells:

 Spells                   Type           Power      Damage    Failure   Level
 Call Imp                 Summ           0%         N/A       43%         2
 Sublimation of Blood     Necr           0%         N/A       43%         2
 Inner Flame              Hex/Fire       2%         N/A       56%         3
 Anguish                  Hex/Necr       1%         N/A       92%         4
 Flame Wave               Conj/Fire      0%         2d4       97%         4
 Sticky Flame             Fire/Alch      0%         2d4       97%         4
 Summon Hydra             Summ           0%         N/A       100%        7


Dungeon Overview and Level Annotations

Branches:
Dungeon (5/15)             Temple (1/1) D:4

Altars:
Ashenzari
Cheibriados
Elyvilon
Gozag
Hepliaklqana
Kikubaaqudgha
Makhleb
Nemelex Xobeh
Okawaru
Qazlal
Trog
Vehumet
Xom
Yredelemnul
Zin
The Shining One

Annotations:
D:5 Duvessa


Innate Abilities, Weirdness & Mutations

You have extremely sharp teeth.
Your natural rate of healing is unusually fast.
When hurt, damage is shared between your health and your magic reserves.
Your bite disrupts and absorbs the magic of your enemies.
Potions cannot restore your health.


Message History

Key pressed, stopping explore.
No target in view!
Found a pair of gloves.
No target in view!
Found an escape hatch in the floor.
No target in view!
An orc priest comes into view. It is wielding a +0 dagger.
Found 2 poisoned darts.
An orc comes into view. It is wielding a +0 flail.
There are monsters nearby!
An orc priest comes into view. It is wielding a +0 club.
The orc priest shouts!
You hear a shout! x2
The orc throws a stone.
The stone closely misses you.
An orc priest comes into view. It is wielding a +0 dagger.
You hear a shout!
An orc priest comes into view. It is wielding a +0 whip.
An orc comes into view. It is wielding a +0 hand axe.
The orc priest closely misses you. The orc closely misses you.
The orc priest begins to cast a cantrip, but forgets the words!
The orc priest calls down the wrath of Beogh upon you.
Beogh smites you!
The orc shouts!
You hit the orc priest. Your bite misses the orc priest.
The orc priest is lightly wounded.
An orc comes into view. It is wielding a +0 mace.
The orc barely misses you.
The orc priest hits you but does no damage.
You hit the orc priest but do no damage.
The orc priest is poisoned.
You bite the orc priest, but do no damage.
The orc priest is lightly wounded.
The orc hits you with a +0 flail!
The orc priest hits you with a +0 dagger.
The orc priest mumbles some strange prayers to Beogh against you.
Beogh smites you!
* * * LOW HITPOINT WARNING * * *
An orc comes into view. It is wielding a +0 hand axe.
The orc priest invokes the aid of Beogh against you.
Beogh smites you!
You die...

..............#
##..##.
..........o....##..
#..##
##.......o....#..
##..# ......... #..##
.. ......... ##..# ...
....oo..# ##..## ...
.......o# #...# #..
......oo## ##..## ..
......o@.## ##...#
..........###....###.
.########.............
##.....[......
#..............
#.....#.......#.
#.....##.......#
.......##......##
.........#......#


You could see 4 orc priests and 4 orcs.

Vanquished Creatures
  A howler monkey (D:4)
  A hound (D:4)
  Jessica (D:3)
  5 adders
  A dart slug (D:1)
  7 endoplasms
  2 giant cockroaches
  4 goblins
  7 hobgoblins
  5 jackals
  4 quokkas
  9 ball pythons
  4 bats
  3 frilled lizards
  7 kobolds
  4 rats
  A butterfly (D:3)
66 creatures vanquished.

Notes
Turn   | Place    | Note
-------+----------+-------------------------------------------
     0 | D:5      | zenocrate the Vine Stalker Delver began the quest for the
                  | Orb.
     0 | D:5      | Reached XP level 1. HP: 11/11 MP: 2/2
     7 | D:5      | Noticed Duvessa
     7 | D:5      | Noticed a sleepcap
    38 | D:5      | Found a basalt altar of Yredelemnul.
    38 | D:5      | Noticed a weeping skull
   133 | D:4      | Found a staircase to the Ecumenical Temple.
   141 | Temple   | Entered the Ecumenical Temple
   141 | Temple   | Noticed an orange demon
   141 | Temple   | Noticed a sixfirhy
   207 | D:2      | Reached XP level 2. HP: 3/16 MP: 1/3
   282 | D:2      | Reached XP level 3. HP: 17/19 MP: 4/4
   357 | D:2      | Learned a level 2 spell: Ensorcelled Hibernation
   804 | D:1      | Reached XP level 4. HP: 23/23 MP: 5/5
   804 | D:1      | Found a faded altar of an unknown god.
  1357 | D:3      | Found a bloodstained altar of Trog.
  1367 | D:3      | Reached skill level 1 in Hexes
  1402 | D:3      | Reached skill level 1 in Spellcasting
  1501 | D:3      | Reached skill level 1 in Ice Magic
  1509 | D:3      | Reached XP level 5. HP: 26/27 MP: 5/7
  1528 | D:3      | Found a shimmering altar of Xom.
  1565 | D:3      | Found a glowing golden altar of the Shining One.
  1574 | D:3      | Noticed Jessica
  1583 | D:3      | Killed Jessica
  1584 | D:3      | Reached skill level 1 in Armour
  1584 | D:3      | Reached skill level 7 in Stealth
  2053 | D:3      | Found the amulet of Elemental Vulnerability {rPois rF--
                  | rC-- AC+8}
  2159 | D:3      | Learned a level 3 spell: Fugue of the Fallen
  2234 | D:4      | Reached XP level 6. HP: 30/32 MP: 9/9
  2387 | D:4      | Killed from afar by an orc priest

Illustrated notes

Levels and vault maps discovered:
D:1:      lemuel_arrival_hallway, layout_basic, ebering_ecumenical_altar_rust
D:2:      layout_rooms
D:3:      layout_basic, mainiacjoe_overflow_six_doors_small, tso_metal_star,
          xom_butterflies, minmay_misc_feat_x, dk_noncrumbling_2,
          nicolae_elevator_lobby_asterisk, uniq_jessica
D:4:      layout_layer_cave, nicolae_overflow_hidden_temple,
          minmay_temple_entry_waves, minmay_misc_feat_roman
D:5:      layout_loops_ring, yredelemnul_forgotten_temple_becter,
          fedhas_bush_and_centaur_altar, serial_shops,
          nicolae_shop_back_alley_shop, serial_bayou_lagoon_a,
          dilly_guarded_unrand_morg, uniq_blork_the_orc, uniq_duvessa
Temple:   nicolae_temple_panitentiary

Skill      XL: |  1  2  3  4  5 |
---------------+----------------+-----
Short Blades   | 2 3 |  3.2
Hexes          | 1 |  1.7
Spellcasting   | 1 |  1.7
Ice Magic      | 1 |  1.6
Armour         | 1 |  1.4
Stealth        | 7 |  7.2
Fighting       | |  2.6
Dodging        | |  1.5

Action                     |  1- 3 |  4- 6 || total
---------------------------+-------+-------++-------
  Melee: Short sword       |    65 |    77 ||   142
         Bite              |    17 |    30 ||    47
         Dagger            |       |    42 ||    42
    Use: Scroll            |     1 |       ||     1
   Stab: Sleeping          |     8 |    10 ||    18
         Distracted        |       |     1 ||     1
 Armour: Leather armour    |    37 |    36 ||    73
         Robe              |       |    18 ||    18
  Dodge: Dodged            |    26 |    67 ||    93

Table legend: (Time is in decaauts)
 A = Elapsed time spent in this place.
 B = Non-inter-level travel time spent in this place.
 C = Inter-level travel time spent in this place.
 D = Time resting spent in this place.
 E = Time spent auto-exploring this place.
 F = Levels seen in this place.
 G = Mean time per level.
                   A        B        C        D        E       F      G
               +--------+--------+--------+--------+--------+-----+--------+
         Total |   2349 |   2168 |    181 |      0 |   1622 |   6 |  391.5 |
       Dungeon |   2347 |   2166 |    181 |      0 |   1622 |   5 |  469.4 |
        Temple |      1 |      1 |      0 |      0 |      0 |   1 |    1.0 |
               +--------+--------+--------+--------+--------+-----+--------+

Top non-repeatable levels by time:
     D:3: 849 daAuts
     D:2: 569 daAuts
     D:1: 563 daAuts
     D:4: 285 daAuts
     D:5: 80 daAuts
  Temple: 1 daAuts
